 Dungeon Crawl Stone Soup version 0.19.4 (console) character file.

17560 Kloppie the Severer (level 12, -2/107 HPs)
             Began as a White Draconian Berserker on Feb 5, 2017.
             Was a High Priest of Trog.
             Succumbed to Sonja's poison
             ... on level 3 of the Lair of Beasts.
             The game lasted 00:14:59 (12773 turns).

Kloppie the Severer (White Draconian Berserker)    Turns: 12773, Time: 00:15:00

Health: -2/107     AC: 14    Str: 20    XL:     12   Next: 20%
Magic:  12/12      EV: 18    Int: 11    God:    Trog [*****.]
Gold:   814        SH:  0    Dex: 14    Spells: 0 memorised, 11 levels left

rFire  + + .     SeeInvis +     a - +9 battleaxe (flame)
rCold  . . .     Gourm    +     (armour unavailable)
rNeg   . . .     Faith    .     (shield currently unavailable)
rPois  .         Spirit   .     (helmet restricted)
rElec  .         Reflect  .     C - +0 cloak {rF+}
rCorr  .         Harm     .     n - +1 pair of gloves
MR     ++...                    c - +2 pair of boots
Stlth  +.........               z - amulet of the gourmand
                                (no ring)
                                y - ring of fire

@: lethally poisoned (-2 -> -53), exhausted, regenerating, slowed, very slow
A: breathe frost, unfitting armour, see invisible, clever 1, cold resistance 1,
cold-blooded, AC +8
a: Breathe Frost, Berserk, Trog's Hand, Brothers in Arms, Burn Spellbooks,
Renounce Religion


You were on level 3 of the Lair of Beasts.
You worshipped Trog.
Trog was extremely pleased with you.
You were very full.

You visited 2 branches of the dungeon, and saw 12 of its levels.
You also visited: Ossuary and Volcano.

You collected 871 gold pieces.
You spent 57 gold pieces at shops.

Inventory:

Hand Weapons
 a - a +9 battleaxe of flaming (weapon)
 F - a +0 broad axe of draining
Armour
 c - a +2 pair of boots (worn)
 n - a +1 pair of gloves (worn)
 C - a +0 cloak of fire resistance (worn)
Jewellery
 y - a ring of fire (left hand)
 z - an amulet of the gourmand (around neck)
Wands
 f - a wand of paralysis (7/24)
 g - a wand of iceblast (4/15)
 i - a wand of slowing (20/48)
 k - a wand of lightning (3/15)
 r - a wand of digging (9/24)
Scrolls
 j - 3 scrolls of blinking
 o - 8 scrolls of identify
 w - 4 scrolls of remove curse
 B - 4 scrolls of teleportation
 D - a scroll of brand weapon
Potions
 e - 3 potions of brilliance
 l - 6 potions of flight
 p - 2 potions of berserk rage {unknown}
 s - 2 potions of ambrosia
 t - a potion of cancellation
 u - a potion of heal wounds
 v - 3 potions of agility
 x - a potion of resistance
 A - 3 potions of curing
Comestibles
 b - 6 bread rations
 d - 10 meat rations
 h - 5 fruits
 m - a slice of pizza
 q - 12 royal jellies
 E - 11 chunks of flesh
 G - a beef jerky


   Skills:
 - Level 10.5 Fighting
 + Level 15.1 Axes
 - Level 8.9 Dodging


You had 11 spell levels left.
You didn't know any spells.

Dungeon Overview and Level Annotations

Branches:
Dungeon (9/15)             Temple (0/1) D:6            Lair (3/6) D:8
  Snake (0/4) Lair:3
  Swamp: Lair:2-4    Shoals: Lair:2-4       Orc: D:9-12

Altars:
Dithmenos
Elyvilon
Hepliaklqana
Makhleb
Nemelex Xobeh
Okawaru
Qazlal
Sif Muna
Vehumet
Yredelemnul
Zin
Jiyva

Shops:
D:5 [*!(%

Annotations:
D:9 1 runed door


Innate Abilities, Weirdness & Mutations

You can breathe waves of freezing cold.
You can buffet flying creatures when you breathe cold.
Your icy white scales are hard. (AC +8)
You cannot fit into any form of body armour.
Your flesh is cold resistant. (rC+)
You are cold-blooded and may be slowed by cold attacks.
You have supernaturally acute eyesight. (SInv)
Your mind is acute. (Int +2)


Message History

Trog appreciates your killing of a magic user.
Your Axes skill increases to level 15!
* * * LOW HITPOINT WARNING * * *
You feel extremely sick.
* * * LOW HITPOINT WARNING * * *
You feel extremely sick.
Items here: $ ( )) an uncursed dagger of venom; an uncursed blowgun; 6 curare-tipped needles 18 gold pieces You are too berserk!
You feel a strong urge to attack something.
* * * LOW HITPOINT WARNING * * *
You feel extremely sick.
* * * LOW HITPOINT WARNING * * *
You feel extremely sick.
You are too berserk!
You feel your anger subside.
You are no longer berserk.
You are exhausted.
You feel as though you will be slow longer.
You die...

##......# #......###...###.
########.....# ##..........P# #(
#§≈........### #.#........####.
§≈.........# ##(......### #P.
≈####....###### #........## #..
## ###.÷####.####(........# #..
#....#.......(.........####..
##........................#...
#............@............P...
###...........................#
##.............................#
#.#...........................P#
##.........$...................#
##............................##
#...............................
#...............................
##.#.P..##P..# ##.P...#.........


There were no monsters in sight!

Vanquished Creatures
  A fire dragon (Volcano)
  A hell hog (Volcano)
  Urug (Lair:3)
  Sonja (Lair:3)
  The ghost of Jerry the Cleaver, a novice FoFi of Kikubaaqudgha (D:7)
  A hill giant (D:9)
  The ghost of Kloppie the Fighter, a novice DrBe of Trog (D:4)
  A centaur zombie (D:8)
  2 black mambas
  Joseph (Lair:1)
  3 spiny frogs
  A komodo dragon (Lair:3)
  A troll (D:7)
  A polar bear (Lair:3)
  A hornet (D:9)
  2 hippogriffs
  4 blink frogs (Lair:3)
  Sigmund (D:4)
  The ghost of Raymar the Magician, an amateur DEWz (D:5)
  17 yaks
  Grum (Lair:1)
  Eustachio (D:5)
  2 steam dragons (Volcano)
  3 nagas (Lair:3)
  2 hell hounds (Volcano)
  9 water moccasins
  2 orc warriors
  5 porcupines
  Duvessa (D:4)
  A sky beast (D:8)
  2 ogres
  2 necrophages
  4 crocodiles
  7 wolves
  A big kobold (D:8)
  11 bullfrogs
  2 elf zombies (Ossuary)
  A wyvern zombie (D:6)
  Dowan (D:4)
  A scorpion (D:6)
  4 killer bees (D:8)
  A howler monkey (D:5)
  A crimson imp (D:9)
  A bullfrog zombie (D:6)
  2 bullfrog skeletons
  7 jellies
  A hound (D:4)
  8 orc wizards
  Natasha (twice) (D:2)
  An iguana (D:9)
  4 worker ants
  3 big kobold zombies (Ossuary)
  2 hound skeletons
  2 hound zombies (Ossuary)
  4 mummies (Ossuary)
  A worker ant zombie (D:6)
  12 adders
  7 gnolls
  6 river rats (D:8)
  6 oozes
  2 adder zombies
  3 adder skeletons
  2 worms (D:3)
  3 dart slugs (D:3)
  3 leopard geckos
  30 orcs
  A ball python (D:1)
  11 bats
  7 giant cockroaches
  7 goblins
  6 hobgoblins
  4 jackals
  A quokka (D:8)
  7 frilled lizards
  2 jackal zombies (Ossuary)
  10 kobolds
  A kobold zombie (Ossuary)
  2 leopard gecko skeletons
  A quokka skeleton (D:7)
  18 rats
  A rat zombie (Ossuary)
  A fungus (Lair:3)
  2 plants
302 creatures vanquished.

Vanquished Creatures (others)
  9 fungi
  4 plants (D:8)
13 creatures vanquished.

Grand Total: 315 creatures vanquished

Notes
Turn   | Place    | Note
-------+----------+-------------------------------------------
     0 | D:1      | Kloppie the Draconian Berserker began the quest for the Orb.
     0 | D:1      | Reached XP level 1. HP: 19/19 MP: 1/1
   121 | D:1      | Reached XP level 2. HP: 26/27 MP: 2/2
   561 | D:2      | Reached XP level 3. HP: 17/33 MP: 3/3
   939 | D:2      | Reached ** piety under Trog
   939 | D:2      | Reached XP level 4. HP: 28/41 MP: 4/4
  1196 | D:2      | Reached skill level 5 in Fighting
  1196 | D:2      | Reached skill level 4 in Axes
  1668 | D:2      | Found a deep blue altar of Sif Muna.
  1668 | D:2      | Found a glowing silver altar of Zin.
  1689 | D:2      | Noticed Natasha
  1697 | D:2      | Killed Natasha
  1697 | D:2      | Reached XP level 5. HP: 43/48 MP: 5/5
  1708 | D:2      | Noticed Natasha
  1720 | D:2      | Killed Natasha
  2219 | D:3      | Noticed an air elemental
  2221 | D:3      | Found a stormy altar of Qazlal.
  2222 | D:3      | Noticed a fire elemental
  2222 | D:3      | Noticed a water elemental
  2469 | D:3      | Reached *** piety under Trog
  2881 | D:3      | Found a radiant altar of Vehumet.
  2955 | D:4      | Found a basalt altar of Yredelemnul.
  2969 | D:4      | Noticed Duvessa
  2969 | D:4      | Noticed Dowan
  2981 | D:4      | Killed Duvessa
  2981 | D:4      | Reached XP level 6. HP: 58/58 MP: 6/6
  2989 | D:4      | Killed Dowan
  3237 | D:4      | Noticed Kloppie's ghost (novice DrBe)
  3252 | D:4      | Killed Kloppie's ghost
  3252 | D:4      | Reached skill level 5 in Axes
  3252 | D:4      | Your scales start taking on an icy white colour.
  3252 | D:4      | Reached XP level 7. HP: 48/69 MP: 7/7
  3252 | D:4      | Gained mutation: Your flesh is cold resistant. (rC+) [White Draconian growth]
  3526 | D:4      | Reached skill level 6 in Axes
  3588 | D:4      | Noticed Sigmund
  3592 | D:4      | Reached XP level 8. HP: 78/78 MP: 8/8
  3606 | D:4      | Killed Sigmund
  3999 | D:4      | Gained mutation: You have supernaturally acute eyesight. (SInv) [potion of beneficial mutation]
  4001 | D:4      | Gained mutation: Your mind is acute. (Int +2) [potion of beneficial mutation]
  4068 | D:5      | Entered Level 5 of the Dungeon
  4077 | D:5      | Found Dex Eschy's Antique Armour Shop.
  4084 | D:5      | Found Fosm's Assorted Antiques.
  4092 | D:5      | Bought a scroll labeled CUPRAMEOKON for 19 gold pieces
  4092 | D:5      | Bought a scroll labeled NEATYTHR TEUSI for 19 gold pieces
  4092 | D:5      | Bought a scroll labeled AXAYRINN DEITZ for 19 gold pieces
  4137 | D:5      | Noticed Eustachio
  4165 | D:5      | Killed Eustachio
  4165 | D:5      | Reached skill level 10 in Fighting
  4200 | D:5      | Found Ymaa's Food Boutique.
  4208 | D:5      | Found Fiulat's Antique Weapon Emporium.
  4429 | D:5      | Found Sefi Losh's Distillery.
  4701 | D:5      | Noticed Raymar's ghost (amateur DEWz)
  4710 | D:5      | Killed Raymar's ghost
  4710 | D:5      | Reached skill level 7 in Axes
  4920 | D:6      | Found a hazy altar of Hepliaklqana.
  4966 | D:6      | Found a staircase to the Ecumenical Temple.
  5220 | D:6      | Reached **** piety under Trog
  5528 | D:6      | Found an iron altar of Okawaru.
  5529 | D:6      | Found a white marble altar of Elyvilon.
  5529 | D:6      | Found a sparkling altar of Nemelex Xobeh.
  5598 | D:6      | Reached XP level 9. HP: 86/86 MP: 9/9
  6177 | D:7      | Noticed a troll
  6182 | D:7      | Killed a troll
  6267 | D:7      | Reached skill level 5 in Dodging
  6268 | D:7      | Found a sand-covered staircase.
  6275 | Ossuary  | Entered an ossuary
  6540 | Ossuary  | Reached skill level 8 in Axes
  6709 | D:7      | Found a shadowy altar of Dithmenos.
  6829 | D:7      | Noticed Jerry's ghost (novice FoFi)
  6843 | D:7      | Killed Jerry's ghost
  7044 | D:7      | Found a burning altar of Makhleb.
  7280 | D:8      | Reached XP level 10. HP: 78/94 MP: 10/10
  7336 | D:8      | Reached ***** piety under Trog
  7420 | D:8      | Reached skill level 9 in Axes
  8058 | D:8      | Found a viscous altar of Jiyva.
  8566 | D:8      | Found a staircase to the Lair.
  8917 | D:9      | Noticed a hill giant
  9032 | D:9      | Paralysed by a hornet for 2 turns
  9087 | D:9      | Found a faded altar of an unknown god.
  9087 | D:9      | Found a faded altar of an unknown god.
  9092 | D:9      | Found a basalt altar of Yredelemnul.
  9094 | D:9      | Found a faded altar of an unknown god.
  9096 | D:9      | Found a faded altar of an unknown god.
  9122 | D:9      | Found a runed door.
  9122 | D:9      | Noticed a sixfirhy
  9169 | D:9      | Killed a hill giant
  9169 | D:9      | Reached skill level 10 in Axes
  9473 | D:9      | Reached skill level 11 in Axes
  9634 | D:9      | Received a gift from Trog
  9823 | Lair:1   | Entered Level 1 of the Lair of Beasts
  9868 | Lair:1   | Noticed a black mamba
  9873 | Lair:1   | Killed a black mamba
  9873 | Lair:1   | Reached XP level 11. HP: 94/101 MP: 11/11
  9929 | Lair:1   | Noticed Joseph
  9942 | Lair:1   | Killed Joseph
 10570 | Lair:1   | Noticed Grum
 10578 | Lair:1   | Killed Grum
 10578 | Lair:1   | Reached skill level 12 in Axes
 11757 | Lair:3   | Noticed Urug
 11769 | Lair:3   | Killed Urug
 11769 | Lair:3   | Reached skill level 13 in Axes
 11824 | Lair:3   | Found a staircase to the Snake Pit.
 11998 | Lair:3   | Found a dark tunnel.
 12088 | Lair:3   | Reached skill level 14 in Axes
 12109 | Volcano  | Entered a volcano
 12200 | Volcano  | Noticed a fire dragon
 12214 | Volcano  | Killed a fire dragon
 12266 | Volcano  | Noticed a hell hog
 12277 | Volcano  | Killed a hell hog
 12277 | Volcano  | Reached XP level 12. HP: 56/107 MP: 12/12
 12760 | Lair:3   | Noticed Sonja
 12769 | Lair:3   | Killed Sonja
 12769 | Lair:3   | Reached skill level 15 in Axes
 12772 | Lair:3   | HP: 4/160 [poisoned by Sonja]
 12773 | Lair:3   | Succumbed to Sonja's poison

Skill      XL: |  1  2  3  4  5  6  7  8  9 10 11 12 |
---------------+-------------------------------------+-----
Fighting       | 4 5 6 8 9 10 | 10.5
Axes           | 4 5 6 7 8 11 14 15 | 15.1
Dodging        | 3 7 8 |  8.9

Action                   |  1- 3 |  4- 6 |  7- 9 | 10-12 || total
-------------------------+-------+-------+-------+-------++-------
Melee: Hand axe          |    88 |    47 |       |       ||   135
       Tailslap          |     5 |    18 |    37 |    57 ||   117
       War axe           |       |    89 |   247 |   159 ||   495
       Broad axe         |       |       |       |    92 ||    92
       Battleaxe         |       |       |       |   186 ||   186
Invok: Berserk           |     2 |     3 |     6 |     6 ||    17
       Trog's Hand       |       |     1 |     1 |     4 ||     6
 Abil: Breathe Frost     |       |       |     1 |       ||     1
Evoke: Wand              |       |       |       |     1 ||     1
  Use: Scroll            |       |       |    16 |    12 ||    28
       Potion            |       |       |    11 |     3 ||    14
 Stab: Sleeping          |       |       |     1 |       ||     1
       Invisible         |       |       |       |     1 ||     1
  Eat: Chunk             |     1 |    11 |    34 |    25 ||    71
Armor: Skin              |    25 |    54 |   120 |    95 ||   294
Dodge: Dodged            |    56 |   104 |   223 |   384 ||   767
